 Dungeon Crawl Stone Soup version 0.29.1-14-g9c671dbff4 (webtiles) character file.

Game seed: 7387688760620933787

45 booth the Chopper (level 3, -5/28 HPs)
             Began as a Demonspawn Gladiator on Feb 18, 2023.
             Slain by Sigmund
             ... wielding a +0 scythe
              (8 damage)
             ... on level 2 of the Dungeon on Feb 19, 2023.
             The game lasted 00:09:40 (1498 turns).

booth the Chopper (Demonspawn Gladiator)            Turns: 1498, Time: 00:09:41

Health: -5/28      AC:  4    Str: 16    XL:     3   Next: 42%
Magic:  3/3        EV: 12    Int:  9    God:
Gold:   71         SH:  0    Dex: 14    Spells: 2/2 levels left

rFire   . . .      SeeInvis .   a - +0 war axe
rCold   . . .      Faith    .   (no shield)
rNeg    . . .      Spirit   .   b - +0 leather armour
rPois   .          Reflect  .   c - +0 helmet
rElec   .          Harm     .   (no cloak)
rCorr   .          Rampage  .   (no gloves)
Will    .....                   (no boots)
Stlth   +.........              (no amulet)
HPRegen 0.09/turn               (no ring)
MPRegen 0.08/turn               (no ring)

@: confused
A: demonic magic 1, demonic touch 1
a: no special abilities


You were on level 2 of the Dungeon.
You visited 1 branch of the dungeon, and saw 2 of its levels.

You collected 71 gold pieces.

Inventory:

Hand Weapons
 a - a +0 war axe (weapon)
Missiles
 d - 3 throwing nets (quivered)
 e - a javelin
 n - 5 poisoned darts
Armour
 b - a +0 leather armour (worn)
 c - a +0 helmet (worn)
Scrolls
 g - 4 scrolls of identify {unknown}
 h - a scroll of magic mapping {unknown}
 i - a scroll of teleportation {unknown}
 j - a scroll of enchant armour {unknown}
 l - a scroll of amnesia {unknown}
 m - a scroll of enchant weapon {unknown}
 p - a scroll of butterflies {unknown}
Potions
 o - a potion of invisibility {unknown}


   Skills:
 + Level 2.5 Fighting
 + Level 3.2 Axes
 + Level 2.0 Throwing
 + Level 0.1 Armour
 + Level 3.1 Dodging


You had 2 spell levels left.
You didn't know any spells.
Your spell library contained the following spells:

 Spells                   Type           Power      Damage    Failure   Level
 Freeze                   Ice            0%         1d3       45%         1
 Frozen Ramparts          Ice            0%         1d1       83%         3
 Cause Fear               Hex            0%         N/A       99%         4
 Hailstorm                Conj/Ice       0%         3d3       99%         4
 Dragon Form              Tmut           0%         N/A       100%        7
 Dragon's Call            Summ           0%         N/A       100%        9


Dungeon Overview and Level Annotations

Branches:
Dungeon (2/15)

Altars:

Shops:
D:1 [

Annotations:
D:2 Sigmund


Innate Abilities, Weirdness & Mutations

Spells you cast may paralyse adjacent enemies.
Your touch may inflict minor irresistible damage on your foes.


Message History

You closely miss the bat. Your touch misses the bat. The bat hits you.
The bat hits you.
You hit the bat.
You kill the bat!
Something hits you!
You slash the ball python!
You kill the ball python!
Something hits you.
A puff of flame appears from out of thin air!
The puff of flame hits you!
* * * LOW HITPOINT WARNING * * *
A puff of flame appears from out of thin air!
The puff of flame hits you.
* * * LOW HITPOINT WARNING * * *
It was a potion of heal wounds.
You feel much better. Something hits you.
You hear a zap.
A puff of flame appears from out of thin air!
The puff of flame hits you.
You hear some strange, mumbled words.
You are confused.
You bump into the rock wall.
Something hits you.
You bump into the rock wall.
A magic dart appears from out of thin air!
The magic dart hits you.
A magic dart appears from out of thin air!
The magic dart hits you!
* * * LOW HITPOINT WARNING * * *
It was a potion of curing.
You feel better.
You hear a zap.
A puff of flame appears from out of thin air!
The puff of flame hits you!
* * * LOW HITPOINT WARNING * * *
Something hits you but does no damage.
You miss something.
You touch something!
You hear some strange, mumbled words.
You are confused.
Something hits you but does no damage.
You bump into the rock wall.
Something hits you!
You die...

#...........
#...........
##.[...##.
##.....## .
#.......#..
#..........
##..........
##.......##.
#@{##...##
##.#######
#..# ####
#.###....
####†##..#
#.......####
#...........
#.!#...#...#
#...........


There were no monsters in sight!

Vanquished Creatures
  An adder (D:2)
  2 dart slugs (D:2)
  3 bats
  2 endoplasms
  A giant cockroach (D:1)
  4 goblins
  6 hobgoblins
  2 jackals (D:2)
  4 ball pythons
  A kobold (D:2)
  2 rats (D:2)
28 creatures vanquished.

Notes
Turn   | Place    | Note
-------+----------+-------------------------------------------
     0 | D:1      | booth the Demonspawn Gladiator began the quest for the Orb.
     0 | D:1      | Reached XP level 1. HP: 16/16 MP: 1/1
    43 | D:1      | You fall into a shaft and drop 1 floor!
   217 | D:2      | Gained mutation: Spells you cast may paralyse adjacent
                  | enemies. [demonic ancestry]
   217 | D:2      | Reached XP level 2. HP: 16/22 MP: 2/2
   249 | D:2      | Found a faded altar of an unknown god.
   282 | D:1      | Found Udeqaiph's Armour Shoppe.
  1329 | D:2      | Gained mutation: Your touch may inflict minor irresistible
                  | damage on your foes. [demonic ancestry]
  1329 | D:2      | Reached XP level 3. HP: 22/28 MP: 3/3
  1464 | D:2      | Noticed Sigmund
  1481 | D:2      | HP: 1/28 [something/puff of flame (5)]
  1498 | D:2      | Slain by Sigmund

Illustrated notes

Levels and vault maps discovered:
D:1:      elethiomel_arrival_quiet, layout_basic, serial_shops, shop,
          minmay_misc_feat_room, hangedman_decor_clover_reticule,
          minmay_distorted
D:2:      layout_rooms, ebering_ecumenical_altar_ruins, supply_closet_lemuel,
          kennysheep_crisscross, pf_guarded_unrand_delatra, uniq_sigmund

Skill      XL: |  1  2 |
---------------+-------+-----
Throwing       | 2 |  2.0
Dodging        | 3 |  3.1
Axes           | 3 |  3.2
Fighting       | |  2.5
Armour         | |  0.1

Action                   || total
-------------------------++-------
Melee: War axe           ||    65
       Touch             ||     4
  Use: Potion            ||     2
Armor: Leather armour    ||    28
Dodge: Dodged            ||    58
